 Dungeon Crawl Stone Soup version 0.21.1-1-g345015f (webtiles) character file.

51 Goblin1989 the Poker (level 3, 0/27 HPs)
             Began as a Demonspawn Skald on Feb 21, 2018.
             Killed by nerve-wracking pain
             ... invoked by an orc priest
              (6 damage)
             ... on level 2 of the Dungeon.
             The game lasted 00:04:26 (1681 turns).

Goblin1989 the Poker (Demonspawn Skald)             Turns: 1681, Time: 00:04:26

Health: 0/27       AC:  3    Str: 12    XL:     3   Next: 58%
Magic:  3/6        EV: 11    Int: 14    God:
Gold:   29         SH:  0    Dex: 12    Spells: 3/6 levels left

rFire    . . .     SeeInvis .   a - +0 spear
rCold    + . .     Gourm    .   (no shield)
rNeg     . . .     Faith    .   b - +0 leather armour
rPois    .         Spirit   .   (no helmet)
rElec    .         Reflect  .   (no cloak)
rCorr    .         Harm     .   (no gloves)
MR       .....                  (no boots)
Stlth    +.........             (no amulet)
HPRegen  0.09/turn              (no ring)
MPRegen  0.10/turn              (no ring)

@: infused (expiring)
A: cold resistance 1
a: no special abilities


You were on level 2 of the Dungeon.
You were not hungry.

You visited 1 branch of the dungeon, and saw 2 of its levels.

You collected 29 gold pieces.

Inventory:

Hand Weapons
 a - a +0 spear (weapon)
Armour
 b - a +0 leather armour (worn)
 g - a +0 plate armour
Scrolls
 h - 2 scrolls of teleportation {unknown}
Potions
 i - a potion of haste {unknown}
 j - a potion of curing {@q1}
Books
 c - a book of Battle

   Spells                             Type                      Level
   a - Infusion                       Charms                       1
   b - Shroud of Golubria             Charms/Translocation         2
   c - Song of Slaying                Charms                       2
   d - Spectral Weapon                Hexes/Charms                 3
   e - Regeneration                   Charms/Necromancy            3
Comestibles
 e - 2 rations
 k - 2 chunks of flesh


   Skills:
 - Level 2.0 Fighting
 + Level 3.6 Polearms
 - Level 0.8 Armour
 - Level 1.7 Dodging
 - Level 2.0 Spellcasting
 - Level 2.6 Charms


You had 3 spell levels left.
You knew the following spells:

 Your Spells              Type           Power        Failure   Level  Hunger
a - Infusion              Chrm           #...         10%         1    ##.....
y - Song of Slaying       Chrm           #.......     16%         2    ###....


Dungeon Overview and Level Annotations

Branches:
Dungeon (2/15)

Altars:


Innate Abilities, Weirdness & Mutations

Your flesh is cold resistant. (rC+)


Message History

You closely miss the adder.
The adder is heavily wounded.
The adder bites you. x2
* * * LOW HITPOINT WARNING * * *
You take 4 damage, and have 10/27 hp.
Unknown command.
You hit the adder.
The adder is almost dead.
You feel sick. The adder bites you.
* * * LOW HITPOINT WARNING * * *
You are lethally poisoned!
The adder poisons you!
You take 4 damage, and have 6/27 hp.
You now have 3/6 mp.
Casting: Infusion
Confirm with . or Enter, or press ? or * to list all spells.
You extend your infusion's duration.
The adder misses you.
Firing (i - inventory): No suitable missiles.
Press: ? - help, Shift-Dir - straight line, f/p - adder
Aim: an adder (almost dead)
Okay, then.
You now have 2/6 mp.
It was a potion of curing.
You feel better. The adder completely misses you.
The adder bites you but does no damage.
You regained 11 hp, and now have 18/27 hp.
Unknown command.
You barely miss the adder.
The adder is almost dead.
The adder bites you.
You take 2 damage, and have 16/27 hp.
You hit the adder.
The adder is almost dead.
The adder bites you.
You take 2 damage, and have 14/27 hp.
You now have 1/6 mp.
You hit the adder!
You kill the adder!
You now have 0/6 mp.
Unknown command.
Things that are here:
a leather armour; a short sword; an orc skeleton You start resting.
Your magical infusion is running out.
You are no longer magically infusing your attacks.
You regained 2 hp, and now have 16/27 hp.
You regained 2 mp, and now have 3/6 mp.
You start resting.
Magic restored.
Eating one of 3 chunks of flesh.
You eat one of the 3 chunks of flesh.
This raw flesh tastes terrible.
HP restored.
Health restored: 27; MP restored: 6
There is a stone staircase leading down here.
Okay, then.
Press | or perform an action to restore all view layers.
Casting: Infusion
Confirm with . or Enter, or press ? or * to list all spells.
You begin infusing your attacks with magical energy.
Restoring view layers.
Firing (i - inventory): No suitable missiles.
Press: ? - help, Shift-Dir - straight line, f - you
Okay, then.
You now have 5/6 mp.
You climb downwards.
The orc priest calls down the wrath of Beogh upon you.
Beogh smites you!
There is a stone staircase leading up here.
You take 9 damage, and have 18/27 hp.
MASSIVE DAMAGE!!
Unknown command.
You hit the orc priest but do no damage.
The orc priest hits you with a falchion.
You take 5 damage, and have 13/27 hp.
You hit the orc priest.
The orc priest is lightly wounded.
The orc priest closely misses you.
You now have 4/6 mp.
You barely miss the orc priest.
The orc priest is lightly wounded.
The orc priest hits you with a falchion.
* * * LOW HITPOINT WARNING * * *
You take 6 damage, and have 7/27 hp.
MASSIVE DAMAGE!!
You hit the orc priest.
The orc priest is moderately wounded.
The orc priest barely misses you.
You now have 3/6 mp.
Unknown command.
You hit the orc priest.
The orc priest is heavily wounded.
The orc priest barely misses you.
You hit the orc priest.
The orc priest is severely wounded.
Your magical infusion is running out.
You hit the orc priest.
The orc priest is severely wounded.
The orc priest hits you with a falchion.
* * * LOW HITPOINT WARNING * * *
You take 2 damage, and have 6/27 hp.
You barely miss the orc priest.
The orc priest is severely wounded.
The orc priest mumbles some strange prayers to Beogh against you.
Pain shoots through your body!
You die...

.... .......█ .. █...
...██........ ..
█.................
.██..██............. █
..█.██.............
███.██.█.██....... ..
.......█..█.....█ ...
██.......<█.....█ ....
......o@......█.███.....
................$.█.....
..█.............(.█.....
.....██████.██..(.......
...............!........
.... S.............█....
... ███████.██.)..█ .██
... █..█....█ ..
█.........█ .


You could see an orc priest.

Vanquished Creatures
  2 adders (D:1)
  2 dart slugs (D:1)
  A leopard gecko (D:1)
  4 orcs (D:1)
  A giant cockroach (D:1)
  A goblin (D:1)
  2 hobgoblins
  4 kobolds
  A quokka (D:2)
  A bat (D:1)
  2 frilled lizards (D:1)
  5 rats (D:1)
  A toadstool (D:1)
27 creatures vanquished.

Vanquished Creatures (others)
  3 toadstools (D:1)
3 creatures vanquished.

Grand Total: 30 creatures vanquished

Notes
Turn   | Place    | Note
-------+----------+-------------------------------------------
     0 | D:1      | Goblin1989 the Demonspawn Skald began the quest for the Orb.
     0 | D:1      | Reached XP level 1. HP: 16/16 MP: 3/3
   145 | D:1      | Reached skill level 2 in Polearms
   328 | D:1      | Gained mutation: Your flesh is cold resistant. (rC+) [demonic ancestry]
   328 | D:1      | Reached XP level 2. HP: 17/22 MP: 5/5
   787 | D:1      | Reached skill level 3 in Polearms
  1286 | D:1      | Reached XP level 3. HP: 15/27 MP: 6/6
  1417 | D:1      | Learned a level 2 spell: Song of Slaying
  1681 | D:2      | Killed from afar by an orc priest

Skill      XL: |  1  2 |
---------------+-------+-----
Polearms       | 2 3 |  3.6
Fighting       | |  2.0
Armour         | |  0.8
Dodging        | |  1.7
Spellcasting   | |  2.0
Charms         | |  2.6

Action                   || total
-------------------------++-------
Melee: Spear             ||   129
 Cast: Infusion          ||     6
  Use: Potion            ||     1
 Stab: Sleeping          ||     1
  Eat: Chunk             ||     3
Armor: Leather armour    ||    20
Dodge: Dodged            ||    62

Vault maps used:
D:1:      ldierk_water_garden, serial_forest, infiniplex_forest_join,
          infiniplex_forest_pool, infiniplex_forest_split,
          infiniplex_forest_clump_medium, infiniplex_forest_clump_tiny,
          infiniplex_forest_clump_large, chequers_big_river, nrook_uturn
D:2:      first_ration
